 Dungeon Crawl Stone Soup version 0.31.0-9-g3a7656b989 (webtiles) character file.

Game seed: 9617359930786342584

81 qw the Shooter (level 4, 0/25 HPs)
             Began as a Deep Elf Hunter on Feb 2, 2024.
             Slain by a bat (1 damage)
             ... on level 2 of the Dungeon.
             The game lasted 00:00:03 (968 turns).

qw the Shooter (Deep Elf Hunter)                     Turns: 968, Time: 00:00:04

Health: 0/25       AC:  3    Str: 10    XL:     4   Next: 20%
Magic:  6/6        EV: 12    Int: 14    God:
Gold:   91         SH:  0    Dex: 18    Spells: 3/3 levels left

rFire   . . .        a - +0 shortbow
rCold   . . .        (shield currently unavailable)
rNeg    . . .        c - +0 leather armour
rPois   .            (no helmet)
rElec   .            (no cloak)
rCorr   .            (no gloves)
SInv    .            (no boots)
Will    .....        (no amulet)
Stlth   ++           (no ring)
HPRegen 0.24/turn    (no ring)
MPRegen 0.10/turn

%: no passive effects
@: no status effects
A: no striking features
a: no special abilities


You were on level 2 of the Dungeon.
You visited 1 branch of the dungeon, and saw 2 of its levels.

You collected 91 gold pieces.


   Skills:
 - Level 1.5 Fighting
 + Level 7.6 Ranged Weapons
 - Level 2.4 Dodging
 - Level 1.2 Stealth


You had 3 spell levels left.
You didn't know any spells.
Your spell library was empty.

Inventory:

Hand Weapons
 a - a +0 shortbow (weapon)
Armour
 c - a +0 leather armour (worn)
Scrolls
 e - a scroll of identify
 f - a scroll of amnesia {unknown}
Potions
 d - a potion of cancellation
 g - a potion of curing {unknown}
 h - a potion of heal wounds {unknown}
 i - a potion of enlightenment {unknown}

Dungeon Overview and Level Annotations

Branches:
Dungeon (2/15)

Altars:


Message History

You shoot an arrow. The arrow hits the ribbon worm!
You kill the ribbon worm!
The giant cockroach bites you but does no damage.
The bat barely misses you.
The giant cockroach bites you but does no damage.
The kobold barely misses you.
You shoot an arrow.
The arrow hits the giant cockroach but does no damage.
The bat barely misses you. The giant cockroach barely misses you.
The kobold barely misses you.
You shoot an arrow.
The arrow closely misses the giant cockroach.
The bat hits you but does no damage. The giant cockroach closely misses you.
The kobold barely misses you.
You shoot an arrow. The arrow hits the giant cockroach.
The giant cockroach is moderately wounded.
The bat closely misses you. The giant cockroach misses you.
The kobold hits you but does no damage. The giant cockroach barely misses you.
You shoot an arrow.
The arrow hits the giant cockroach but does no damage.
The giant cockroach is moderately wounded.
The bat closely misses you. The kobold hits you with a +0 dagger.
The giant cockroach closely misses you.
You shoot an arrow.
The arrow closely misses the giant cockroach.
The bat completely misses you.
The giant cockroach bites you but does no damage.
The kobold barely misses you.
You shoot an arrow.
The arrow closely misses the giant cockroach.
The bat barely misses you. The giant cockroach barely misses you.
The kobold closely misses you.
You shoot an arrow.
The arrow closely misses the giant cockroach.
The bat closely misses you. The giant cockroach closely misses you.
The kobold closely misses you. The giant cockroach bites you.
You shoot an arrow. The arrow hits the giant cockroach.
You kill the giant cockroach!
The bat hits you.
You die...

##################
.................#
.###############.#
#.# ### #.#
#...#K# #...b@#
#...%## .....#.
####... #%.. .##.
.. #. .$ #.


You could see a bat and a kobold.

Vanquished Creatures
  4 adders (D:2)
  A ribbon worm (D:2)
  3 dart slugs
  3 bats
  4 endoplasms
  A giant cockroach (D:2)
  3 goblins
  4 hobgoblins
  4 jackals (D:1)
  2 kobolds
  A quokka (D:2)
  2 ball pythons
  5 rats
37 creatures vanquished.

Notes
Turn   | Place    | Note
-------+----------+-------------------------------------------
     0 | D:1      | qw the Deep Elf Hunter began the quest for the Orb.
     0 | D:1      | Reached XP level 1. HP: 12/12 MP: 3/3
     0 | D:1      | 0 ||| qw: Version: 0.3-a-155-g5e7d8dd
     0 | D:1      | 0 ||| qw: Game counter: 49
     0 | D:1      | 0 ||| qw: Melee chars always use a shield: true
     0 | D:1      | 0 ||| qw: God list: Okawaru
     0 | D:1      | 0 ||| qw: Allow faded altars: false
     0 | D:1      | 0 ||| qw: Do Orc after clearing Dungeon:15 true
     0 | D:1      | 0 ||| qw: Do second Lair branch before Depths: true
     0 | D:1      | 0 ||| qw: Lair rune preference: random
     0 | D:1      | 0 ||| qw: Goals: Normal
     0 | D:1      | 0 ||| PLANNING D:1-11
   146 | D:1      | Reached skill level 6 in Ranged Weapons
   146 | D:1      | Reached XP level 2. HP: 16/16 MP: 4/4
   595 | D:1      | 595 ||| READING scroll labelled KUDIYQ LOLAIL.
   595 | D:1      | 595 ||| IDENTIFYING puce potion
   596 | D:1      | 596 ||| READING scroll labelled ISTIMI JOGEAMO.
   599 | D:1      | 599 ||| DROPPING scroll of butterflies.
   715 | D:2      | Reached XP level 3. HP: 20/20 MP: 5/5
   827 | D:2      | HP: 5/20 [poisoned by an adder]
   828 | D:2      | 828 ||| READING scroll of teleportation.
   831 | D:2      | HP: 2/20 [poisoned by an adder]
   834 | D:2      | Reached skill level 7 in Ranged Weapons
   944 | D:2      | Reached XP level 4. HP: 18/25 MP: 6/6
   956 | D:2      | HP: 6/25 [ribbon worm (1)]
   958 | D:2      | HP: 2/25 [giant cockroach (2)]
   964 | D:2      | HP: 1/25 [kobold/+0 dagger (1)]
   968 | D:2      | Slain by a bat

Levels and vault maps discovered:
D:1:      orjb1_clovarrival, layout_loops_cross, minmay_misc_feat_rows
D:2:      layout_loops_ring, minmay_tree_intersection, minmay_hexomino_c4

Skill      XL: |  1  2  3 |
---------------+----------+-----
Ranged Weapons | 6 7 |  7.6
Fighting       | |  1.5
Dodging        | |  2.4
Stealth        | |  1.2

Action                     |  1- 3 |  4- 6 || total
---------------------------+-------+-------++-------
   Fire: Shortbow          |    88 |    23 ||   111
    Use: Scroll            |     3 |       ||     3
 Armour: Leather armour    |    26 |    31 ||    57
  Dodge: Dodged            |    31 |    48 ||    79

Table legend:
 A = Non-vault XP
 B = Vault XP
 C = Vault XP percentage of total XP
 D = Non-vault monster count
 E = Vault monster count
 F = Vault count percentage of total count
                 A         B        C        D         E       F
            +---------+---------+-------+---------+---------+-------
      Total |      81 |      38 |  31.9 |      30 |       7 |  18.9
            +---------+---------+-------+---------+---------+-------
        D:1 |      36 |       0 |   0.0 |      17 |       0 |   0.0
        D:2 |      45 |      38 |  45.8 |      13 |       7 |  35.0
            +---------+---------+-------+---------+---------+-------
